 Dungeon Crawl Stone Soup version 0.22.1-1-ga44c0e5 (webtiles) character file.

908 HammerPanzer the Carver (level 7, -3/96 HPs)
             Began as a Yellow Draconian Berserker on Oct 29, 2018.
             Was a Priest of Trog.
             Slain by SkarinSkye's ghost (4 damage)
             ... on level 4 of the Dungeon.
             The game lasted 00:13:24 (3723 turns).

HammerPanzer the Carver (DrBe)                      Turns: 3723, Time: 00:13:24

Health: -3/96      AC:  8    Str: 25    XL:     7   Next: 81%
Magic:  7/7        EV: 12    Int:  8    God:    Trog [***...]
Gold:   160        SH:  0    Dex: 11    Spells: 6/6 levels left

rFire    . . .     SeeInvis .   a - +0 falchion
rCold    . . .     Gourm    .   (no shield)
rNeg     . . .     Faith    .   (armour unavailable)
rPois    .         Spirit   .   (helmet restricted)
rElec    .         Reflect  .   j - +1 cloak
rCorr    +         Harm     .   (no gloves)
MR       .....                  (no boots)
Stlth    ..........             (no amulet)
HPRegen  0.26/turn              i - ring of resist corrosion
MPRegen  0.10/turn              (no ring)

@: berserking, lethally poisoned (-3 -> -40), drained, very quick
A: spit acid, acid resistance, unfitting armour, cold-blooded, AC +6
a: Breathe Acid, Berserk, Trog's Hand, Renounce Religion


You were on level 4 of the Dungeon.
You worshipped Trog.
Trog was most pleased with you.
You were not hungry.

You visited 1 branch of the dungeon, and saw 5 of its levels.

You collected 160 gold pieces.

Inventory:

Hand Weapons
 a - a +0 falchion (weapon)
Armour
 j - a +1 cloak (worn)
Jewellery
 i - a ring of resist corrosion (left hand)
 r - a +5 ring of strength {unknown}
 t - a +3 ring of strength {unknown}
Wands
 n - a wand of random effects (17)
Scrolls
 c - a scroll of magic mapping {unknown}
 e - 2 scrolls of fear {unknown}
 f - 3 scrolls of remove curse {unknown}
 g - 4 scrolls of teleportation {unknown}
 k - 3 scrolls of identify {unknown}
 l - 2 scrolls of immolation {unknown}
 m - 2 scrolls of enchant weapon {unknown}
Potions
 d - 3 potions of heal wounds {unknown}
 h - 2 potions of curing {unknown}
 o - a potion of brilliance {unknown}
 p - a potion of lignification {unknown}
 q - 2 potions of agility {unknown}
Comestibles
 b - 5 rations
 s - a chunk of flesh


   Skills:
 + Level 6.4(6.2) Fighting
 * Level 8.0(7.7) Long Blades
 - Level 2.6(2.4) Dodging


You had 6 spell levels left.
You didn't know any spells.
Your spell library was empty.

Dungeon Overview and Level Annotations

Branches:
Dungeon (5/15)
 Temple: D:4-7

Altars:
Fedhas
Kikubaaqudgha
Nemelex Xobeh
Okawaru
Trog
Xom
Zin

Shops:
D:4 *

Annotations:
D:4 SkarinSkye's ghost, novice MiBe


Innate Abilities, Weirdness & Mutations

You can spit globs of acid.
You are resistant to acid.
Your golden yellow scales are hard. (AC +6)
You cannot fit into any form of body armour.
You are cold-blooded and may be slowed by cold attacks.


Message History

You tail-slap SkarinSkye's ghost!
SkarinSkye's ghost is heavily damaged.
* * * LOW HITPOINT WARNING * * *
You feel sick.
You barely miss SkarinSkye's ghost.
SkarinSkye's ghost is heavily damaged.
* * * LOW HITPOINT WARNING * * *
You feel sick. SkarinSkye's ghost hits you!
* * * LOW HITPOINT WARNING * * *
You are more poisoned.
You hit SkarinSkye's ghost.
SkarinSkye's ghost is heavily damaged.
* * * LOW HITPOINT WARNING * * *
You feel sick.
You hit SkarinSkye's ghost but do no damage.
SkarinSkye's ghost is heavily damaged.
* * * LOW HITPOINT WARNING * * *
You feel very sick. SkarinSkye's ghost hits you.
You die...

###.####.##.♣.♣._.♣.♣..#(..KK....
..#.# #.##..♣.♣.♣.♣.....########
....# #.##...♣.♣.♣....### #.###
#.##....♣.♣.....# ######## #.#
#.##.#...♣...#.## #....... #.#
#..............## #.###### ..#
#########K.###..# #.###### ###
#W## ##.# #......# #@# #.#
######.# ##.# #.# #.# ##########
#..# #.# #.# .........# #.## #<#
#.# ########.# #.# #.# #.# # #.#
#.# #.# ##.# # #.# #.# #.# #... #
#.# #.# #.# #.∩. #
#.######.######.##### #.<.


You could see SkarinSkye's ghost and a kobold.

Vanquished Creatures
  Sigmund (D:4)
  An ice beast (D:5)
  2 centaurs (D:5)
  Blork the orc (D:4)
  2 vampire bats (D:2)
  A bullfrog zombie (D:5)
  3 orc wizards
  A hound (D:4)
  Terence (D:3)
  An iguana (D:4)
  A hound skeleton (D:4)
  Robin (D:4)
  2 adders
  A worm (D:2)
  2 dart slugs
  5 leopard geckos
  9 orcs
  5 bat skeletons (D:2)
  A bat zombie (D:2)
  2 giant cockroaches
  11 goblins
  7 hobgoblins
  3 jackals (D:3)
  13 kobolds
  2 quokkas
  A ball python (D:4)
  5 bats
  4 frilled lizards
  A jackal skeleton (D:4)
  A quokka skeleton (D:4)
  10 rats
  A butterfly (D:5)
102 creatures vanquished.

Notes
Turn   | Place    | Note
-------+----------+-------------------------------------------
     0 | D:1      | HammerPanzer the Draconian Berserker began the quest for
                  | the Orb.
     0 | D:1      | Reached XP level 1. HP: 19/19 MP: 1/1
   265 | D:1      | Reached XP level 2. HP: 23/26 MP: 2/2
   789 | D:2      | Reached ** piety under Trog
   985 | D:2      | Reached XP level 3. HP: 33/33 MP: 3/3
  1017 | D:2      | Reached skill level 4 in Long Blades
  1210 | D:2      | Found an ancient bone altar of Kikubaaqudgha.
  1220 | D:2      | Reached XP level 4. HP: 27/40 MP: 4/4
  1284 | D:2      | Reached skill level 5 in Long Blades
  1449 | D:2      | Reached XP level 5. HP: 42/47 MP: 5/5
  1766 | D:3      | Reached *** piety under Trog
  1829 | D:3      | Noticed Terence
  1858 | D:3      | Killed Terence
  1951 | D:3      | Found a bloodstained altar of Trog.
  2115 | D:3      | You fall through a shaft for 2 floors!
  2115 | D:5      | Entered Level 5 of the Dungeon
  2115 | D:5      | Found a glowing silver altar of Zin.
  2119 | D:5      | Noticed a centaur
  2140 | D:5      | Reached skill level 5 in Fighting
  2140 | D:5      | Reached XP level 6. HP: 51/56 MP: 6/6
  2148 | D:5      | Reached skill level 6 in Long Blades
  2320 | D:5      | Found a sparkling altar of Nemelex Xobeh.
  2328 | D:5      | Found a blossoming altar of Fedhas.
  2346 | D:5      | Found a shimmering altar of Xom.
  2605 | D:5      | Noticed an ice beast
  2620 | D:5      | Killed an ice beast
  2620 | D:5      | Your scales start taking on a golden yellow colour.
  2620 | D:5      | Reached XP level 7. HP: 57/62 MP: 7/7
  2703 | D:4      | Noticed Blork the orc
  2709 | D:4      | Killed Blork the orc
  2709 | D:4      | Reached skill level 7 in Long Blades
  2924 | D:4      | Found an iron altar of Okawaru.
  2953 | D:4      | Noticed Robin
  2974 | D:4      | Killed Robin
  3009 | D:4      | Found a runed gate.
  3010 | D:4      | Noticed SkarinSkye's ghost (novice MiBe)
  3011 | D:4      | Found a runed gate.
  3011 | D:4      | Found a runed gate.
  3175 | D:4      | Found Cicisa Suyh's General Store.
  3246 | D:4      | Noticed Sigmund
  3271 | D:4      | Killed Sigmund
  3664 | D:4      | Reached skill level 8 in Long Blades
  3722 | D:4      | HP: 4/96 [poisoned by SkarinSkye's ghost]
  3723 | D:4      | HP: 1/96 [poisoned by SkarinSkye's ghost]
  3723 | D:4      | Slain by SkarinSkye's ghost

Skill      XL: |  1  2  3  4  5  6  7 |
---------------+----------------------+-----
Long Blades    | 4 5 6 8 |  8.0
Fighting       | 4 5 6 |  6.4
Dodging        | |  2.6

Action                   |  1- 3 |  4- 6 |  7- 9 || total
-------------------------+-------+-------+-------++-------
Melee: Falchion          |   106 |   144 |   128 ||   378
       Tailslap          |    19 |    16 |    25 ||    60
Invok: Berserk           |       |     1 |     2 ||     3
 Abil: Breathe Acid      |       |       |     2 ||     2
 Stab: Sleeping          |     2 |     1 |     1 ||     4
  Eat: Chunk             |     1 |     6 |     2 ||     9
       Ration            |       |       |     1 ||     1
Armor: Skin              |    58 |    33 |    43 ||   134
Dodge: Dodged            |   109 |    87 |    86 ||   282
       Rpst.: Falchion   |    32 |    22 |    25 ||    79
